 Dungeon Crawl Stone Soup version 0.28.0-43-g3370ac3207 (webtiles) character file.

Game seed: 11583669348200654662

1703 pkoi the Destroyer (level 8, 0/46 HPs)
             Began as a Deep Elf Conjurer on Mar 29, 2022.
             Was a Priest of Dithmenos.
             Slain by a manticore (10 damage)
             ... on level 6 of the Dungeon.
             The game lasted 00:14:13 (10012 turns).

pkoi the Destroyer (Deep Elf Conjurer)             Turns: 10012, Time: 00:14:14

Health: 0/46       AC:  2    Str:  6    XL:     8   Next: 73%
Magic:  5/17       EV: 14    Int: 24    God:    Dithmenos [***...]
Gold:   343        SH:  0    Dex: 13    Spells: 2/17 levels left

rFire   . . .      SeeInvis .   b - +1 short sword
rCold   . . .      Faith    .   (no shield)
rNeg    . . .      Spirit   .   a - +0 robe
rPois   .          Reflect  .   (no helmet)
rElec   .          Harm     .   (no cloak)
rCorr   .          Rampage  .   (no gloves)
Will    .....                   (no boots)
Stlth   +++.......              (no amulet)
HPRegen 0.15/turn               (no ring)
MPRegen 0.15/turn               (no ring)

@: wreathed by umbra
A: no striking features
a: Renounce Religion, Shadow Step


You were on level 6 of the Dungeon.
You worshipped Dithmenos.
Dithmenos was most pleased with you.
You visited 1 branch of the dungeon, and saw 6 of its levels.
You also visited: Sewer and Ossuary.

You collected 343 gold pieces.

Inventory:

Hand Weapons
 b - a +1 short sword (weapon)
 u - a +2 dagger of draining
 x - a +2 short sword of speed
 y - a +1 short sword of venom
Missiles
 j - 33 poisoned darts
Armour
 a - a +0 robe (worn)
 s - the +1 ring mail of Shielding {rPois rF+ Str+3}
   (You found it on level 5 of the Dungeon)

   Str:       It affects your strength (+3).
   rF:        It protects you from fire.
   rPois:     It protects you from poison.
 w - an orb of guile
Magical Staves
 r - a staff of fire
Jewellery
 h - a +6 ring of intelligence
Wands
 t - a wand of iceblast (14)
Scrolls
 c - 3 scrolls of enchant armour {unknown}
 g - a scroll of enchant weapon
 i - 3 scrolls of magic mapping
 m - 6 scrolls of identify
 o - a scroll of silence {unknown}
 p - 3 scrolls of teleportation {unknown}
 q - 2 scrolls of fog
 A - a scroll of amnesia {unknown}
Potions
 d - 2 potions of might {unknown}
 e - 2 potions of resistance {unknown}
 f - 3 potions of brilliance
 k - a potion of mutation {unknown}
 l - 4 potions of curing {unknown}
 n - a potion of degeneration {unknown}
 v - a potion of haste {unknown}
 z - a potion of heal wounds {unknown}
 B - a potion of flight {unknown}


   Skills:
 + Level 3.3 Fighting
 - Level 0.4 Armour
 + Level 5.5 Dodging
 + Level 4.3 Stealth
 + Level 5.2 Spellcasting
 * Level 8.5 Conjurations
 + Level 3.9 Hexes
 + Level 3.3 Translocations
 + Level 1.6 Poison Magic


You had 2 spell levels left.
You knew the following spells:

 Your Spells              Type           Power      Damage    Failure   Level
a - Magic Dart            Conj           100%       1d8       1%          1
b - Searing Ray           Conj           94%        2d7       1%          2
c - Iskenderun's Mystic   Conj/Tloc      34%        2d8       8%          4
d - Fulminant Prism       Conj/Hex       18%        3d11      7%          4
e - Olgreb's Toxic Radia  Pois           14%        N/A       41%         4

Your spell library contained the following spells:

 Spells                   Type           Power      Damage    Failure   Level
 Sting                    Tmut/Pois      40%        1d5       6%          1
 Poisonous Vapours        Pois/Air       20%        N/A       10%         2
 Dazzling Flash           Conj/Hex       72%        N/A       1%          3
 Gell's Gravitas          Tloc           22%        N/A       7%          3
 Lesser Beckoning         Tloc           22%        N/A       7%          3
 Teleport Other           Tloc           22%        N/A       7%          3


Dungeon Overview and Level Annotations

Branches:
Dungeon (6/15)             Temple (0/1) D:6           Sewer (visited)
Ossuary (visited)

Altars:
Ashenzari
Cheibriados
Dithmenos
Gozag
Kikubaaqudgha
Makhleb
Nemelex Xobeh
Trog
Wu Jian


Message History

The magic dart hits the hornet zombie.
The hornet zombie is heavily damaged.
The centaur zombie hits you.
* * * LOW HITPOINT WARNING * * *
The centaur zombie closely misses you. The hornet zombie closely misses you.
The centaur zombie hits you.
* * * LOW HITPOINT WARNING * * *
The centaur zombie kicks you but does no damage.
Your fulminant prism explodes!
The blast of energy engulfs the hornet zombie!!
You destroy the hornet zombie!
Dithmenos accepts your kill.
The blast of energy engulfs the centaur zombie!!
You destroy the centaur zombie!
Dithmenos accepts your kill.
You hear a bellow!
You hear a shout!
You start resting.
A manticore comes into view.
A manticore is nearby!
A manticore is nearby!
Casting: Magic Dart (safe; 1% risk of failure)
Confirm with . or Enter, or press ? or * to list all spells.
Aiming: Fulminant Prism (dangerous; 7% risk of failure)
Press: ? - help, Dir - move target You conjure a prism of explosive energy!
A fulminant prism comes into view.
The manticore closely misses you. The manticore claws you.
* * * LOW HITPOINT WARNING * * *
The manticore claws you.
* * * LOW HITPOINT WARNING * * *
Casting: Fulminant Prism (dangerous; 7% risk of failure)
Confirm with . or Enter, or press ? or * to list all spells.
Aiming: Searing Ray (safe; 1% risk of failure)
Press: ? - help, Shift-Dir - straight line, f - manticore
Aim: a manticore (ally target, umbra, 89% to hit)
The searing ray hits the manticore.
The manticore is lightly wounded. (Press . to maintain the ray.)
The manticore bites you!
You die...

##.. ...# . ..# ...#
. . ..##..# .. # .##
#.... .. #.# ##..# ..
# #.## ##..# .##
##..###..## ..
##....>.H## .
##.....*..@# ###
##........#.## # ##..
#.....#......# #.
##..# #...####...#.##
##. ##...# #.###
##.....####..###...##
#.#
#............#......
### #.#
#...............#...
#.###.#
##.......###..###..>
##....## #.....###
##...#...


You could see a manticore (ally target) and a friendly fulminant prism.

Vanquished Creatures
  A black bear (D:4)
  2 ice beasts
  A hornet zombie (D:6)
  An ogre (D:3)
  A centaur (D:6)
  A kobold brigand (Sewer)
  2 scorpions
  A water moccasin zombie (D:5)
  A wyvern zombie (D:5)
  A wyvern skeleton (D:5)
  2 vampire bats (D:4)
  2 howler monkeys (D:5)
  A bullfrog zombie (D:5)
  A centaur zombie (D:6)
  A jelly (D:5)
  4 hounds
  An iron imp (D:3)
  An orc wizard (D:2)
  A killer bee zombie (D:5)
  A hound skeleton (D:4)
  A mummy (Ossuary)
  4 gnolls (D:3)
  7 adders
  7 river rats (Sewer)
  2 adder skeletons (D:4)
  4 worms
  A dart slug (D:2)
  6 orcs
  3 spectral bats (Ossuary)
  12 ball pythons
  7 endoplasms
  9 giant cockroaches
  12 gnoll zombies (Ossuary)
  5 goblins
  5 hobgoblins
  2 jackals (D:2)
  21 kobolds
  4 quokkas
  8 bats
  A frilled lizard (Sewer)
  2 goblin simulacra (Ossuary)
  6 goblin zombies (Ossuary)
  7 hobgoblin zombies (Ossuary)
  4 kobold simulacra (Ossuary)
  4 kobold zombies (Ossuary)
  An orc zombie (Ossuary)
  26 rats
  3 rat simulacra (Ossuary)
  2 spectral goblins (Ossuary)
  4 spectral rats (Ossuary)
207 creatures vanquished.

Vanquished Creatures (others)
  A fulminant prism (D:6)
  4 withered plants (D:5)
5 creatures vanquished.

Grand Total: 212 creatures vanquished

Notes
Turn   | Place    | Note
-------+----------+-------------------------------------------
     0 | D:1      | pkoi the Deep Elf Conjurer began the quest for the Orb.
     0 | D:1      | Reached XP level 1. HP: 10/10 MP: 6/6
    38 | D:1      | Found a faded altar of an unknown god.
   508 | D:1      | Reached XP level 2. HP: 15/15 MP: 5/8
   592 | D:1      | Reached skill level 5 in Conjurations
  1075 | D:2      | Learned a level 2 spell: Searing Ray
  1372 | D:2      | Reached XP level 3. HP: 19/19 MP: 7/9
  1895 | D:2      | Reached XP level 4. HP: 22/24 MP: 5/10
  1940 | D:2      | Found a burning altar of Makhleb.
  2113 | D:3      | Found a snail-covered altar of Cheibriados.
  2122 | D:3      | Reached skill level 1 in Fighting
  2122 | D:3      | Reached skill level 6 in Conjurations
  2202 | D:3      | Found an ornate altar of the Wu Jian Council.
  2445 | D:3      | Noticed an ogre
  2450 | D:3      | Killed an ogre
  2451 | D:3      | Reached XP level 5. HP: 29/29 MP: 6/11
  2595 | D:3      | Learned a level 4 spell: Iskenderun's Mystic Blast
  2602 | D:3      | Found a bloodstained altar of Trog.
  3236 | D:3      | Found a sparkling altar of Nemelex Xobeh.
  3380 | D:3      | Found a broken altar of Ashenzari.
  3441 | D:3      | Reached XP level 6. HP: 35/35 MP: 10/12
  3446 | D:3      | Learned a level 4 spell: Fulminant Prism
  3918 | D:4      | Found a shadowy altar of Dithmenos.
  3972 | D:4      | Became a worshipper of Dithmenos the Shadowed
  4195 | D:4      | Reached skill level 1 in Hexes
  4195 | D:4      | Reached skill level 1 in Translocations
  4349 | D:4      | Reached skill level 7 in Conjurations
  4911 | D:4      | Reached XP level 7. HP: 36/40 MP: 4/14
  5072 | D:5      | Entered Level 5 of the Dungeon
  5076 | D:5      | Found a sand-covered staircase.
  5080 | D:5      | Found an opulent altar of Gozag.
  5095 | Ossuary  | Entered an ossuary
  5274 | Ossuary  | Reached * piety under Dithmenos
  6251 | Ossuary  | Reached ** piety under Dithmenos
  7406 | D:5      | Identified the +1 ring mail of Shielding {rPois rF+ Str+3}
  7531 | D:5      | Found an ancient bone altar of Kikubaaqudgha.
  7688 | D:5      | Reached XP level 8. HP: 16/45 MP: 4/16
  7984 | D:5      | Reached skill level 5 in Dodging
  8196 | D:5      | Reached skill level 8 in Conjurations
  8318 | D:6      | Learned a level 4 spell: Olgreb's Toxic Radiance
  8405 | D:6      | Found a glowing drain.
  8418 | Sewer    | Entered a sewer
  9010 | Sewer    | Reached *** piety under Dithmenos
  9610 | D:6      | Reached skill level 1 in Poison Magic
  9718 | D:6      | Found a staircase to the Ecumenical Temple.
  9778 | D:6      | Reached skill level 5 in Spellcasting
 10010 | D:6      | Noticed a manticore
 10012 | D:6      | Slain by a manticore

Illustrated notes

Levels and vault maps discovered:
D:1:      minmay_arrival_four_houses, layout_loops_ring,
          shapermc_ecumenical_altar_mp_urbaneastern, roderic_lattice_a,
          chequers_serial_rivers_small_3, glass_columns_a
D:2:      layout_basic, basic_altar, chequers_jeans
D:3:      layout_basic, nicolae_ashenzari_skybound,
          mainiacjoe_overflow_six_doors_small, slow_altar_1,
          pdpol_wu_jian_five_deadly_venoms, mainiacjoe_overflow_alcove_4
D:4:      layout_basic, nicolae_dithmenos_shadow_blocks, roderic_batcave,
          moated_statue
D:5:      kennysheep_six_static_rooms, layout_basic, grunt_gozag_statues,
          kiku_gazebo_garden_becter, nicolae_ossuary_entry_monument,
          minmay_misc_feat_tiny, serial_bayou_pond_b
D:6:      layout_layer_cave, minmay_temple_entry_tees, gup_sewer_entry_pipe,
          minmay_bent

Skill      XL: |  1  2  3  4  5  6  7  8 |
---------------+-------------------------+-----
Conjurations   | 5 6 7 8 |  8.5
Dodging        | 3 4 5 |  5.5
Fighting       | 1 2 3 |  3.3
Hexes          | 1 2 3 |  3.9
Translocations | 1 2 3 |  3.3
Spellcasting   | 4 5 |  5.2
Stealth        | 3 4 |  4.3
Poison Magic   | 1 |  1.6
Armour         | |  0.4

Action                   |  1- 3 |  4- 6 |  7- 9 || total
-------------------------+-------+-------+-------++-------
Melee: Short sword       |       |     1 |    16 ||    17
 Cast: Magic Dart        |    65 |   106 |   237 ||   408
       Searing Ray       |     1 |     6 |    25 ||    32
       Fulminant Prism   |       |       |     2 ||     2
  Use: Scroll            |       |     6 |       ||     6
 Stab: Sleeping          |       |     1 |       ||     1
Armor: Robe              |     1 |     3 |    14 ||    18
Dodge: Dodged            |       |    29 |    83 ||   112
